 Dungeon Crawl Stone Soup version 0.20.1-1-g8b1a95d (webtiles) character file.

333 Internecine the Slasher (level 6, -5/51 HPs)
             Began as a Draconian Gladiator on Oct 1, 2017.
             Slain by a slave (6 damage)
             ... led by Pikel
             ... on level 4 of the Dungeon.
             The game lasted 00:38:21 (3234 turns).

Internecine the Slasher (Draconian Gladiator)       Turns: 3234, Time: 00:38:21

Health: -5/51      AC:  6    Str: 17    XL:     6   Next: 27%
Magic:  8/8        EV: 13    Int:  8    God:
Gold:   190        SH:  0    Dex: 14    Spells: 8/8 levels left

rFire    . . .     SeeInvis +   a - +0 long sword
rCold    . . .     Gourm    .   (no shield)
rNeg     . . .     Faith    .   (armour unavailable)
rPois    .         Spirit   .   b - +0 hat
rElec    .         Reflect  .   (no cloak)
rCorr    .         Harm     .   (no gloves)
MR       +....                  (no boots)
Stlth    ++........             s - amulet of regeneration
Regen    0.6/turn               w - ring of protection from magic
MPRegen  0.2/turn               p - ring of see invisible

@: slowed, very slow
A: unfitting armour, cold-blooded, AC +6
a: no special abilities


You were on level 4 of the Dungeon.
You were not hungry.

You visited 1 branch of the dungeon, and saw 4 of its levels.

You collected 190 gold pieces.

Inventory:

Hand Weapons
 a - a +0 long sword (weapon)
 r - a +3 hunting sling
 t - a +0 war axe
 u - a cursed -2 rapier
Missiles
 h - 50 arrows
 k - 70 poisoned needles
 l - 106 stones (quivered)
Armour
 b - a +0 hat (worn)
Jewellery
 g - an uncursed amulet of rage
 o - an uncursed ring of ice
 p - a ring of see invisible (right hand)
 s - an amulet of regeneration (around neck)
 w - a ring of protection from magic (left hand)
 A - an uncursed ring of flight
Scrolls
 c - a scroll of enchant weapon {unknown}
 e - a scroll of recharging {unknown}
 i - 2 scrolls of remove curse
 q - 2 scrolls of identify
 v - a scroll of enchant armour {unknown}
 x - a scroll of immolation
 y - a scroll of teleportation {unknown}
 C - a scroll of amnesia {unknown}
Potions
 f - a potion of flight
 j - a potion of agility {unknown}
 n - 2 potions of curing
 F - a potion of haste {unknown}
Comestibles
 d - 2 bread rations
 m - 3 meat rations
 B - 9 fruits


   Skills:
 + Level 3.3 Fighting
 * Level 4.4 Long Blades
 * Level 2.9(3.2) Slings
 + Level 2.0(2.7) Throwing
 + Level 3.3 Dodging
 + Level 1.0 Stealth
 * Level 1.5 Spellcasting


You had 8 spell levels left.
You didn't know any spells.

Dungeon Overview and Level Annotations

Branches:
Dungeon (4/15)             Temple (0/1) D:4

Altars:
Uskayaw

Annotations:
D:4 Pikel


Innate Abilities, Weirdness & Mutations

Your plain brown scales are hard. (AC +6)
You cannot fit into any form of body armour.
You are cold-blooded and may be slowed by cold attacks.


Message History

You tail-slap the iguana, but do no damage.
The iguana is almost dead.
As you read the scroll labeled FAWEAPRE ZIWN, it crumbles to dust.
The creatures around you are filled with an inner flame!
It was a scroll of immolation.
The slave hits you.
* * * LOW HITPOINT WARNING * * *
The slave closely misses you. Pikel hits you with a whip of freezing.
* * * LOW HITPOINT WARNING * * *
You feel yourself slow down. Pikel freezes you.
* * * LOW HITPOINT WARNING * * *
The iguana barely misses you.
You riposte.
You hit the iguana.
The iguana is almost dead.
As you read the scroll labeled QYOCEKHL ARRU, it crumbles to dust.
It is a scroll of identify.
n - 2 potions of curing The slave misses you.
The slave barely misses you. Pikel misses you. The iguana bites you.
* * * LOW HITPOINT WARNING * * *
The slave misses you. The slave hits you.
You die...

.......# ......>#
.......#
...##.#########
#####.#.......#
#....#.....#
#....#..)..#
######.....#######
.....(.....#p@...###
..((.......'pKl......
.(.........#pp.......
...........#'###.###.
#(...######....#.#
#.... #....# . #....
#....# . #... #....#
## ### ######


You could see Pikel (inner flame), 4 slaves and an iguana (inner flame).

Vanquished Creatures
  The ghost of Tutankhamun the Changer, an amateur DrTm of Cheibriados (D:4)
  An iguana (D:4)
  7 adders
  8 gnolls
  A worm (D:2)
  3 dart slugs
  A leopard gecko (D:3)
  2 orcs
  10 bats
  4 giant cockroaches
  8 goblins
  13 hobgoblins
  3 jackals (D:1)
  A quokka (D:2)
  3 ball pythons
  4 frilled lizards
  9 kobolds
  2 rats (D:1)
  2 plants (D:2)
83 creatures vanquished.

Notes
Turn   | Place    | Note
-------+----------+-------------------------------------------
     0 | D:1      | Internecine the Draconian Gladiator began the quest for the Orb.
     0 | D:1      | Reached XP level 1. HP: 17/17 MP: 1/1
   240 | D:1      | Reached XP level 2. HP: 24/24 MP: 2/2
   456 | D:1      | Reached XP level 3. HP: 18/29 MP: 3/3
  1359 | D:2      | Found a faded altar of an unknown god.
  1367 | D:2      | Reached XP level 4. HP: 33/37 MP: 4/4
  1695 | D:3      | Reached skill level 4 in Long Blades
  1695 | D:3      | Reached skill level 1 in Slings
  1954 | D:3      | Reached XP level 5. HP: 32/45 MP: 6/6
  2210 | D:3      | Found a hide-covered altar of Uskayaw.
  2560 | D:4      | HP: 1/45 [iguana (14)]
  2562 | D:4      | Reached skill level 1 in Stealth
  2562 | D:4      | Reached skill level 1 in Spellcasting
  2751 | D:4      | Noticed Tutankhamun's ghost (amateur DrTm)
  2772 | D:4      | Killed Tutankhamun's ghost
  2772 | D:4      | Reached XP level 6. HP: 31/51 MP: 7/7
  2991 | D:4      | Found a staircase to the Ecumenical Temple.
  3208 | D:4      | Noticed a slave
  3211 | D:4      | Noticed a slave
  3212 | D:4      | Noticed Pikel
  3213 | D:4      | Noticed a slave
  3223 | D:4      | Noticed a slave
  3234 | D:4      | HP: 1/51 [iguana (5)]
  3234 | D:4      | Slain by a slave

Skill      XL: |  1  2  3  4  5 |
---------------+----------------+-----
Dodging        | 3 |  3.3
Fighting       | 3 |  3.3
Long Blades    | 4 |  4.4
Slings         | 1 2 |  2.9
Stealth        | 1 |  1.0
Spellcasting   | 1 |  1.5
Throwing       | 2 |  2.0

Action                   |  1- 3 |  4- 6 || total
-------------------------+-------+-------++-------
Melee: Long sword        |   211 |    94 ||   305
       Tailslap          |    36 |    19 ||    55
       Hand axe          |       |     1 ||     1
 Fire: Hunting sling     |    10 |    71 ||    81
Throw: Stone             |     3 |    10 ||    13
       Throwing net      |     3 |     1 ||     4
  Use: Scroll            |       |     4 ||     4
       Potion            |       |     1 ||     1
 Stab: Distracted        |     1 |       ||     1
       Sleeping          |     1 |       ||     1
  Eat: Chunk             |     2 |     6 ||     8
Armor: Skin              |    37 |    52 ||    89
Dodge: Dodged            |    76 |   147 ||   223
       Rpst.: Long sword |    22 |    25 ||    47
